 Dungeon Crawl Stone Soup version 0.27.1-34-g3ba077fa99 (webtiles) character file.

Game seed: 17306040755983868149

158 comborobin the Ruffian (level 5, -1/50 HPs)
             Began as a Troll Delver on Jan 8, 2022.
             Was an Initiate of Cheibriados.
             Slain by an orc warrior (17 damage)
             ... on level 4 of the Dungeon.
             The game lasted 00:00:45 (379 turns).

comborobin the Ruffian (Troll Delver)                Turns: 379, Time: 00:00:46

Health: -1/50      AC:  4    Str: 22    XL:     5   Next: 16%
Magic:  4/4        EV: 10    Int:  7    God:    Cheibriados [......]
Gold:   0          SH:  0    Dex: 12    Spells: 4/4 levels left

rFire    . . .     SeeInvis .     - Unarmed
rCold    . . .     Faith    .   (no shield)
rNeg     . . .     Spirit   .   a - +0 robe
rPois    .         Reflect  .   (helmet restricted)
rElec    .         Harm     .   (no cloak)
rCorr    .         Rampage  .   (gloves unavailable)
Will     .....                  (boots unavailable)
Stlth    ++........             (no amulet)
HPRegen  1.16/turn              (no ring)
MPRegen  0.09/turn              (no ring)

@: studying Maces & Flails, very slow
A: large, unfitting armour, claws 3, regeneration 1, shaggy fur 1, tough skin 1
a: Renounce Religion, Bend Time


You were on level 4 of the Dungeon.
You worshipped Cheibriados.
Cheibriados was noncommittal.
You visited 2 branches of the dungeon, and saw 4 of its levels.

Inventory:

Armour
 a - a +0 robe (worn)
Wands
 f - a wand of digging (3)
Scrolls
 b - a scroll of fog
 c - a scroll of magic mapping
 d - a scroll of fear
Potions
 e - 2 potions of flight {unknown}


   Skills:
 - Level 2.4 Fighting
 - Level 1.5 Dodging
 - Level 2.7 Stealth
 + Level 5.4 Unarmed Combat


You had 4 spell levels left.
You didn't know any spells.
Your spell library was empty.

Dungeon Overview and Level Annotations

Branches:
Dungeon (6/15)             Temple (1/1) D:5

Altars:
Cheibriados
Kikubaaqudgha
Makhleb
Nemelex Xobeh
Okawaru
Ru
Trog
Uskayaw
Vehumet
The Shining One


Innate Abilities, Weirdness & Mutations

You are too large for most types of armour.
You have claws for hands.
Your natural rate of healing is unusually fast.
You are covered in fur. (AC +1)
You have tough skin. (AC +1)


Message History

Found a manual of Maces & Flails.
The orc wizard moves out of view.
You catch the helpless orc completely off-guard!
You mangle the orc!!
You kill the orc!
Cheibriados appreciates the change of pace.
An orc warrior comes into view. It is wielding a +0 flail.
An orc warrior is nearby!
You see here a manual of Maces & Flails.
There are monsters nearby!
The orc warrior shouts!
You claw the orc!
You kill the orc!
Cheibriados appreciates the change of pace.
An orc warrior is nearby!
You barely miss the orc warrior. The orc warrior closely misses you.
The orc shouts!
You scratch the orc warrior but do no damage.
You hear a shout!
The orc warrior hits you with a +0 flail!
You hear a shout!
There are no items here.
You see here a manual of Maces & Flails.
You pick up a manual of Maces & Flails and begin studying.
The orc warrior hits you with a +0 flail.
You closely miss the orc warrior.
The orc warrior hits you with a +0 flail!
You claw the orc warrior!
The orc warrior is moderately wounded.
The orc warrior misses you.
You claw the orc warrior!
The orc warrior is severely wounded.
The orc warrior hits you with a +0 flail!
* * * LOW HITPOINT WARNING * * *
You are too injured to fight recklessly!
You closely miss the orc warrior. You claw the orc warrior.
The orc warrior is severely wounded.
You scratch the orc warrior.
The orc warrior is almost dead.
The orc warrior hits you with a +0 flail!
You die...

. ##. .. ... #.. #
##.# #..###. ..# ..
#... ..###o# #..
.... #.#o# #.# #
.o###@###[# .
#.#)#.#.# ...
#.#.)###.## ..#
#.#...#...# . #..
#..###.###....
#..###............
##..####..........
###...###.....#.....
...........#####....


You could see an orc warrior and an orc.

Vanquished Creatures
  A centaur skeleton (D:4)
  A jelly (D:4)
  2 iguanas (D:5)
  A scorpion zombie (D:5)
  A shadow imp (D:4)
  A worm (D:5)
  5 orcs
12 creatures vanquished.

Notes
Turn   | Place    | Note
-------+----------+-------------------------------------------
     0 | D:5      | comborobin the Troll Delver began the quest for the Orb.
     0 | D:5      | Reached XP level 1. HP: 22/22 MP: 0/0
    19 | D:5      | Noticed an iguana
    42 | D:5      | Killed an iguana
    43 | D:5      | Reached skill level 3 in Unarmed Combat
    43 | D:5      | Reached XP level 2. HP: 26/29 MP: 1/1
    43 | D:5      | Reached XP level 3. HP: 32/36 MP: 2/2
    62 | D:5      | Found a staircase to the Ecumenical Temple.
   103 | Temple   | Entered the Ecumenical Temple
   169 | Temple   | Became a worshipper of Cheibriados the Contemplative
   209 | D:5      | Reached skill level 4 in Unarmed Combat
   223 | D:5      | Reached XP level 4. HP: 43/44 MP: 3/3
   278 | D:5      | Noticed a centaur
   343 | D:4      | Reached skill level 5 in Unarmed Combat
   351 | D:4      | Reached XP level 5. HP: 48/50 MP: 4/4
   367 | D:4      | Noticed an orc warrior
   379 | D:4      | Slain by an orc warrior

Illustrated notes

Levels and vault maps discovered:
D:4:      layout_layer_cave, yredelemnul_forgotten_temple_becter,
          nicolae_hepliaklqana_hazy_memory, minmay_manual_mail, uniq_menkaure
D:5:      layout_cave_pools, nicolae_overflow_hidden_temple,
          gammafunk_temple_overflow_pools, minmay_temple_entry_waves
D:6:      layout_basic, st_stairs_4, uniq_prince_ribbit1, uniq_blork_the_orc
Temple:   nicolae_temple_god_jail

Skill      XL: |  1  2  3  4 |
---------------+-------------+-----
Unarmed Combat | 3 4 5 |  5.4
Fighting       | |  2.4
Dodging        | |  1.5
Stealth        | |  2.7

Action                   |  1- 3 |  4- 6 || total
-------------------------+-------+-------++-------
Melee: Unarmed           |    22 |    23 ||    45
       Punch             |       |     1 ||     1
 Stab: Distracted        |       |     1 ||     1
Armor: Robe              |     3 |     8 ||    11
Dodge: Dodged            |     8 |     7 ||    15
